 Dungeon Crawl Stone Soup version 0.27-a0-1140-g099f9bb0e8 (webtiles) character file.

Game seed: 10618177036085839478

46 polve the Cutter (level 3, -1/29 HPs)
             Began as a Demonspawn Abyssal Knight on May 8, 2021.
             Was a Follower of Lugonu.
             Slain by an iguana (9 damage)
             ... on level 1 of the Dungeon.
             The game lasted 00:01:16 (2004 turns).

polve the Cutter (Demonspawn Abyssal Knight)        Turns: 2004, Time: 00:01:17

Health: -1/29      AC:  3    Str: 13    XL:     3   Next: 46%
Magic:  4/4        EV: 11    Int: 13    God:    Lugonu [*.....]
Gold:   7          SH:  0    Dex: 12    Spells: 2/2 levels left

rFire    . . .     SeeInvis .   a - +1 short sword
rCold    . . .     Faith    .   (no shield)
rNeg     . . .     Spirit   .   b - +0 leather armour
rPois    +         Reflect  .   (no helmet)
rElec    .         Harm     .   (no cloak)
rCorr    .         Rampage  .   (no gloves)
Will     .....                  (no boots)
Stlth    +.........             (no amulet)
HPRegen  0.09/turn              c - ring of poison resistance
MPRegen  0.09/turn              (no ring)

@: no status effects
A: ignite blood 1
a: Renounce Religion, Depart the Abyss


You were on level 1 of the Dungeon.
You worshipped Lugonu.
Lugonu was aware of your devotion.
You visited 1 branch of the dungeon, and saw 2 of its levels.
You visited the Abyss 1 time.

You collected 7 gold pieces.

Inventory:

Hand Weapons
 a - a +1 short sword (weapon)
Armour
 b - a +0 leather armour (worn)
 h - a +0 helmet
Jewellery
 c - a ring of poison resistance (left hand)
 d - a ring of protection from fire
Scrolls
 g - a scroll of enchant armour {unknown}
 i - a scroll of fear {unknown}
Potions
 e - a potion of berserk rage {unknown}


   Skills:
 - Level 3.0 Fighting
 + Level 3.5 Short Blades
 - Level 1.7 Armour
 - Level 0.8 Dodging
 - Level 2.4 Invocations


You had 2 spell levels left.
You didn't know any spells.
Your spell library was empty.

Dungeon Overview and Level Annotations

Branches:
Dungeon (2/15)

Altars:

Shops:
D:1 !((((


Innate Abilities, Weirdness & Mutations

Your demonic aura sometimes causes spilled blood to erupt in flames.


Message History

The ball python bites you but does no damage.
The ball python grabs you. The ball python constricts you.
You closely miss the ball python.
The ball python is moderately wounded.
The ball python bites you. The ball python constricts you.
The ball python bites you but does no damage.
The ball python constricts you.
You completely miss the ball python.
The ball python is moderately wounded.
The ball python closely misses you. The ball python constricts you.
You hit the ball python.
You kill the ball python!
Lugonu accepts your kill.
Things that are here:
an adder corpse; a dart slug corpse
There is a stone staircase leading down here.
HP restored.
Partly explored, can't reach some places.
You climb downwards.
The iguana bites you! The worm bites you but does no damage.
The hobgoblin hits you but does no damage.
The iguana misses you.
There is a stone staircase leading up, spattered with blood here.
There are monsters nearby!
You are too injured to fight recklessly!
The hobgoblin hits you. The iguana closely misses you. The worm bites you!
* * * LOW HITPOINT WARNING * * *
You climb upwards.
There is a stone staircase leading down here.
Okay, then.
The hobgoblin hits you.
* * * LOW HITPOINT WARNING * * *
The iguana misses you. The hobgoblin barely misses you.
The hobgoblin hits you but does no damage.
You closely miss the iguana.
The iguana hisses menacingly.
The iguana barely misses you.
You barely miss the iguana. The iguana bites you!
You die...

#.# ##.## #.#
#..#### #.#
#..####.# ##.# #.#
##......#### #.#
#.#
####......#####.##
#.#
##.####....#...##
#.## #..#
####.#....## #..#
#.## ###'#.....#
##.## #.#
#.'∩+...... #..#
#@# #.#+#.###.#
##.# #l# #.#.#.#
#.# #.# #g#
#.....###.# #†#
#.# ####...##..
####>#####w#
##..###.
#......w...#
##..###.
#.........##
##.......
#.........#
#####........
#.........#
###......#####.


You could see a worm, an iguana and a hobgoblin.

Vanquished Creatures
  An adder (D:1)
  A gnoll (D:1)
  2 dart slugs (D:1)
  3 ball pythons (D:1)
  An endoplasm (D:1)
  2 giant cockroaches (D:1)
  2 goblins (D:1)
  4 hobgoblins (D:1)
  2 jackals (D:1)
  A frilled lizard (D:1)
  4 rats (D:1)
23 creatures vanquished.

Notes
Turn   | Place    | Note
-------+----------+-------------------------------------------
     0 | Abyss:1  | polve the Demonspawn Abyssal Knight began the quest for the
                  | Orb.
     0 | Abyss:1  | Reached XP level 1. HP: 18/18 MP: 2/2
    71 | Abyss:1  | Noticed a thrashing horror
    72 | D:1      | Escaped the Abyss
   458 | D:1      | Reached * piety under Lugonu
   462 | D:1      | Found Pouviyss's Antique Weapon Emporium.
   473 | D:1      | Gained mutation: Your demonic aura sometimes causes spilled
                  | blood to erupt in flames. [demonic ancestry]
   473 | D:1      | Reached XP level 2. HP: 9/24 MP: 3/3
   699 | D:1      | Found Mequ's Weapon Boutique.
   711 | D:1      | Found Majobil's Weapon Boutique.
   782 | D:1      | Found Tuoc Bed's Distillery.
  1303 | D:1      | Found Qinuys's Weapon Shop.
  1315 | D:1      | Reached XP level 3. HP: 14/29 MP: 4/4
  2004 | D:1      | Slain by an iguana

Illustrated notes

Levels and vault maps discovered:
D:1:      kilobyte_arrival_exit_the_forest, layout_rooms, serial_shops, shop,
          nicolae_shop_behind_doors, shop, shop, shop, kennysheep_small_spiral
D:2:      layout_loops_ring, hellmonk_ecumenical_altar_blasted, serial_shops,
          shop, st_stairs_11, uniq_terence

Skill      XL: |  1  2 |
---------------+-------+-----
Short Blades   | 2 3 |  3.5
Fighting       | |  3.0
Armour         | |  1.7
Dodging        | |  0.8
Invocations    | |  2.4

Action                   || total
-------------------------++-------
Melee: Short sword       ||    79
Invok: Depart the Abyss  ||     1
  Use: Potion            ||     2
Armor: Leather armour    ||    25
Dodge: Dodged            ||    51

Table legend: (Time is in decaauts)
 A = Elapsed time spent in this place.
 B = Non-inter-level travel time spent in this place.
 C = Inter-level travel time spent in this place.
 D = Time resting spent in this place.
 E = Time spent auto-exploring this place.
 F = Levels seen in this place.
 G = Mean time per level.
                   A        B        C        D        E       F      G
               +--------+--------+--------+--------+--------+-----+--------+
         Total |   2015 |   1970 |     45 |      0 |   1785 |   3 |  671.7 |
       Dungeon |   1943 |   1898 |     45 |      0 |   1716 |   2 |  971.5 |
         Abyss |     72 |     72 |      0 |      0 |     69 |   1 |   72.0 |
               +--------+--------+--------+--------+--------+-----+--------+

Top non-repeatable levels by time:
     D:1: 1936 daAuts
 Abyss:1: 72 daAuts
     D:2: 6 daAuts
